TOP OF THE 1ST |
Hagerstown Suns batting - Pitching for West Virginia Power : RHP Jeff Crescimanno
|
Pitching: RHP Jeff Crescimanno
|
|
Batting: RHB Leo Gutierrez
|
0-0: Ball 1-0: Ground out 1-3 (Groundball, 13S, EV 72.5 MPH)
|
Batting: RHB Bobby Bricker
|
0-0: Ball 1-0: Ball 2-0: Foul Ball, location: 2F 2-1: Swinging Strike 2-2: Strikes out looking
|
Batting: RHB Tylor Cyr
|
0-0: Foul Ball, location: 2F 0-1: Called Strike 0-2: Foul Ball, location: 2F 0-2: Strikes out swinging
|
Top of the 1st over - 0 runs, 0 hits, 0 errors, 0 left on base; Hagerstown 0 - West Virginia 0 |
BOTTOM OF THE 1ST |
West Virginia Power batting - Pitching for Hagerstown Suns : RHP Josh Wellman
|
Pitching: RHP Josh Wellman
|
|
Batting: RHB Terrence Wilson
|
0-0: Swinging Strike 0-1: Foul Ball, location: 2F 0-2: Ground out 4-3 (Groundball, 4, EV 103.1 MPH)
|
Batting: SHB Curtis Thompson
|
0-0: Swinging Strike 0-1: Ground out 1-3 (Groundball, 13S, EV 72.5 MPH)
|
Batting: LHB Josh Aerni
|
0-0: Ball 1-0: Ball 2-0: Foul Ball, location: 2F 2-1: Ball 3-1: Called Strike 3-2: Ground out 1-3 (Groundball, 13, EV 63.1 MPH)
|
Bottom of the 1st over - 0 runs, 0 hits, 0 errors, 0 left on base; Hagerstown 0 - West Virginia 0 |
TOP OF THE 2ND |
Hagerstown Suns batting - Pitching for West Virginia Power : RHP Jeff Crescimanno
|
Batting: RHB Bryan Wheeler
|
0-0: Called Strike 0-1: Swinging Strike 0-2: Ball 1-2: Strikes out swinging
|
Batting: RHB Justin Davenport
|
0-0: Ball 1-0: Foul Ball, location: 2F 1-1: Fly out, F8 (Flyball, 8RXD, EV 103.8 MPH)
|
Batting: RHB Lamar Thornton
|
0-0: Ball 1-0: Called Strike 1-1: Swinging Strike 1-2: Ball 2-2: Foul Ball, location: 2F 2-2: Ball 3-2: Strikes out swinging
|
Top of the 2nd over - 0 runs, 0 hits, 0 errors, 0 left on base; Hagerstown 0 - West Virginia 0 |
BOTTOM OF THE 2ND |
West Virginia Power batting - Pitching for Hagerstown Suns : RHP Josh Wellman
|
Batting: RHB Brandon White
|
0-0: Called Strike 0-1: Ground out 4-3 (Groundball, 4, EV 108.1 MPH)
|
Batting: RHB Jeff Edwards
|
0-0: Called Strike 0-1: SINGLE (Groundball, 34D, EV 100.0 MPH)
|
Batting: RHB Tim Moore
|
0-0: Ball 1-0: Swinging Strike 1-1: Swinging Strike 1-2: Strikes out swinging
|
Batting: RHB Jaime Dubicki
|
0-0: Swinging Strike 0-1: Ball 1-1: Called Strike 1-2: Strikes out looking
|
Bottom of the 2nd over - 0 runs, 1 hit, 0 errors, 1 left on base; Hagerstown 0 - West Virginia 0 |
TOP OF THE 3RD |
Hagerstown Suns batting - Pitching for West Virginia Power : RHP Jeff Crescimanno
|
Batting: LHB Vince McLane
|
0-0: Ball 1-0: Fly out, F7 (Flyball, 7, EV 90.0 MPH)
|
Batting: LHB Adam Lancaster
|
0-0: Called Strike 0-1: Foul Ball, location: 2F 0-2: Strikes out swinging
|
Batting: LHB Adam Jacobs
|
0-0: Called Strike 0-1: Ball 1-1: Swinging Strike 1-2: Strikes out swinging, 2-3 out at first.
|
Top of the 3rd over - 0 runs, 0 hits, 0 errors, 0 left on base; Hagerstown 0 - West Virginia 0 |
BOTTOM OF THE 3RD |
West Virginia Power batting - Pitching for Hagerstown Suns : RHP Josh Wellman
|
Batting: RHB Seung-mun Kim
|
0-0: Ball 1-0: Ground out 5-3 (Groundball, 56, EV 88.8 MPH)
|
Batting: RHB John DeVillier
|
0-0: Called Strike 0-1: Fly out, F5 (Line Drive, 5L, EV 65.6 MPH)
|
Batting: RHB Terrence Wilson
|
0-0: Ball 1-0: Called Strike 1-1: Called Strike 1-2: Foul Ball, location: 2F 1-2: Foul Ball, location: 2F 1-2: Ball 2-2: Ground out 6-3 (Groundball, 56, EV 83.8 MPH)
|
Bottom of the 3rd over - 0 runs, 0 hits, 0 errors, 0 left on base; Hagerstown 0 - West Virginia 0 |
TOP OF THE 4TH |
Hagerstown Suns batting - Pitching for West Virginia Power : RHP Jeff Crescimanno
|
Batting: RHB Leo Gutierrez
|
0-0: Called Strike 0-1: Ball 1-1: Swinging Strike 1-2: Ball 2-2: Ball 3-2: Fly out, F8 (Flyball, 89M, EV 79.4 MPH)
|
Batting: RHB Bobby Bricker
|
0-0: Called Strike 0-1: Ball 1-1: Foul Ball, location: 2F 1-2: Ball 2-2: Strikes out swinging
|
Batting: RHB Tylor Cyr
|
0-0: Ball 1-0: Called Strike 1-1: Ball 2-1: Ball 3-1: Foul Ball, location: 2F 3-2: Strikes out swinging
|
Top of the 4th over - 0 runs, 0 hits, 0 errors, 0 left on base; Hagerstown 0 - West Virginia 0 |
BOTTOM OF THE 4TH |
West Virginia Power batting - Pitching for Hagerstown Suns : RHP Josh Wellman
|
Batting: SHB Curtis Thompson
|
0-0: Ball 1-0: Swinging Strike 1-1: Ground out 6-3 (Groundball, 6, EV 90.0 MPH)
|
Batting: LHB Josh Aerni
|
0-0: Swinging Strike 0-1: Ball 1-1: Foul Ball, location: 2F 1-2: Ground out 6-3 (Groundball, 6, EV 102.5 MPH)
|
Batting: RHB Brandon White
|
0-0: Called Strike 0-1: Foul Ball, location: 2F 0-2: Ground out 1-3 (Groundball, 13S, EV 65.0 MPH)
|
Bottom of the 4th over - 0 runs, 0 hits, 0 errors, 0 left on base; Hagerstown 0 - West Virginia 0 |
TOP OF THE 5TH |
Hagerstown Suns batting - Pitching for West Virginia Power : RHP Jeff Crescimanno
|
Batting: RHB Bryan Wheeler
|
0-0: Ball 1-0: Swinging Strike 1-1: Ball 2-1: Foul Ball, location: 2F 2-2: Strikes out looking
|
Batting: RHB Justin Davenport
|
0-0: DOUBLE (Line Drive, 7LS, EV 103.1 MPH)
|
Batting: RHB Lamar Thornton
|
0-0: SINGLE (Flyball, 34D, EV 86.9 MPH) Justin Davenport to third
|
Batting: LHB Vince McLane
|
0-0: DOUBLE (Flyball, 7LD, EV 93.1 MPH) Justin Davenport scores Lamar Thornton to third Runner from 3rd tries for Home, SAFE, no throw by LF
|
Batting: LHB Adam Lancaster
|
0-0: Called Strike 0-1: Ball 1-1: Foul Ball, location: 2F 1-2: Foul Ball, location: 2F 1-2: Foul Ball, location: 2F 1-2: Ball 2-2: Strikes out swinging
|
Batting: LHB Adam Jacobs
|
0-0: DOUBLE (Groundball, 3L, EV 103.1 MPH) Vince McLane scores
|
Batting: RHB Leo Gutierrez
|
0-0: Ball 1-0: 2-RUN HOME RUN (Flyball, 78XD, EV 114.4 MPH), Distance : 451 ft
|
Pitching: RHP Dave Weinraub
|
|
Batting: RHB Bobby Bricker
|
0-0: Called Strike 0-1: Foul Ball, location: 2F 0-2: Strikes out swinging
|
Top of the 5th over - 5 runs, 5 hits, 0 errors, 0 left on base; Hagerstown 5 - West Virginia 0 |
BOTTOM OF THE 5TH |
West Virginia Power batting - Pitching for Hagerstown Suns : RHP Josh Wellman
|
Batting: RHB Jeff Edwards
|
0-0: Ball 1-0: Reached on error, E5 (Groundball, 56S, EV 91.2 MPH)
|
Batting: RHB Tim Moore
|
0-0: Ball 1-0: Ball 2-0: Called Strike 2-1: Foul Ball, location: 2F 2-2: SINGLE (Line Drive, 34D, EV 95.0 MPH) Jeff Edwards to second
|
Batting: RHB Jaime Dubicki
|
0-0: Called Strike 0-1: Swinging Strike 0-2: Ball 1-2: Ball 2-2: Foul Ball, location: 2F 2-2: Ball 3-2: Foul Ball, location: 2F 3-2: Foul Ball, location: 2F 3-2: Grounds into double play, 6-4-3 (Groundball, 6, EV 80.0 MPH) Jeff Edwards to third
|
Batting: RHB Seung-mun Kim
|
0-0: Ball 1-0: Called Strike 1-1: Ball 2-1: SINGLE (Groundball, 6MD, EV 104.4 MPH) Jeff Edwards scores
|
Batting: RHB John DeVillier
|
0-0: Swinging Strike 0-1: Foul Ball, location: 2F 0-2: Ball 1-2: Strikes out looking
|
Bottom of the 5th over - 1 run, 2 hits, 1 error, 1 left on base; Hagerstown 5 - West Virginia 1 |
TOP OF THE 6TH |
Hagerstown Suns batting - Pitching for West Virginia Power : RHP Dave Weinraub
|
Batting: RHB Tylor Cyr
|
0-0: Fly out, F8 (Line Drive, 78M, EV 103.8 MPH)
|
Batting: RHB Bryan Wheeler
|
0-0: Called Strike 0-1: Ball 1-1: Foul Ball, location: 2F 1-2: Fly out, F3 (Popup, 3S, EV 70.6 MPH)
|
Batting: RHB Justin Davenport
|
0-0: Ball 1-0: Called Strike 1-1: Called Strike 1-2: Ball 2-2: Ball 3-2: Foul Ball, location: 2F 3-2: Base on Balls
|
Batting: RHB Lamar Thornton
|
0-0: Called Strike 0-1: Swinging Strike 0-2: Foul Ball, location: 2F 0-2: Strikes out swinging
|
Top of the 6th over - 0 runs, 0 hits, 0 errors, 1 left on base; Hagerstown 5 - West Virginia 1 |
BOTTOM OF THE 6TH |
West Virginia Power batting - Pitching for Hagerstown Suns : RHP Josh Wellman
|
Batting: RHB Terrence Wilson
|
0-0: Ball 1-0: Swinging Strike 1-1: Ball 2-1: Ball 3-1: Foul Ball, location: 2F 3-2: Ground out 6-3 (Groundball, 6, EV 108.1 MPH)
|
Batting: SHB Curtis Thompson
|
0-0: Ball 1-0: Ground out U3 (Groundball, 34, EV 87.5 MPH)
|
Batting: LHB Josh Aerni
|
0-0: Ball 1-0: Ball 2-0: Called Strike 2-1: Foul Ball, location: 2F 2-2: Fly out, F8 (Flyball, 8LD, EV 99.4 MPH)
|
Bottom of the 6th over - 0 runs, 0 hits, 0 errors, 0 left on base; Hagerstown 5 - West Virginia 1 |
TOP OF THE 7TH |
Hagerstown Suns batting - Pitching for West Virginia Power : RHP Dave Weinraub
|
Batting: LHB Vince McLane
|
0-0: Called Strike 0-1: Ball 1-1: Ball 2-1: Foul Ball, location: 2F 2-2: Ground out 4-3 (Groundball, 4, EV 78.1 MPH)
|
Batting: LHB Adam Lancaster
|
0-0: Ball 1-0: Foul Ball, location: 2F 1-1: Ball 2-1: Ball 3-1: Ground out 3-1 (Groundball, 34S, EV 90.0 MPH)
|
Batting: LHB Adam Jacobs
|
0-0: Ball 1-0: Ball 2-0: Called Strike 2-1: SINGLE (Groundball, 4MD, EV 95.0 MPH)
|
Batting: RHB Leo Gutierrez
|
0-0: SINGLE (Line Drive, 8LS, EV 93.1 MPH) Adam Jacobs to second
|
Batting: RHB Bobby Bricker
|
0-0: Called Strike 0-1: Swinging Strike 0-2: Ball 1-2: Strikes out swinging
|
Top of the 7th over - 0 runs, 2 hits, 0 errors, 2 left on base; Hagerstown 5 - West Virginia 1 |
BOTTOM OF THE 7TH |
West Virginia Power batting - Pitching for Hagerstown Suns : RHP Josh Wellman
|
Batting: RHB Brandon White
|
0-0: Fly out, F9 (Flyball, 9S, EV 81.2 MPH)
|
Batting: RHB Jeff Edwards
|
0-0: Ball 1-0: Reached on error, E6 (Groundball, 6, EV 91.9 MPH)
|
Batting: RHB Tim Moore
|
0-0: Swinging Strike 0-1: Swinging Strike 0-2: Ball 1-2: Ball 2-2: Strikes out looking
|
Pitching: RHP Tim Schultz
|
|
Batting: RHB Jaime Dubicki
|
0-0: Ball Jeff Edwards steals 2nd base (no throw) 1-0: Called Strike 1-1: Ball 2-1: Ground out 6-3 (Groundball, 6, EV 106.9 MPH)
|
Bottom of the 7th over - 0 runs, 0 hits, 1 error, 1 left on base; Hagerstown 5 - West Virginia 1 |
TOP OF THE 8TH |
Hagerstown Suns batting - Pitching for West Virginia Power : RHP Dave Weinraub
|
Pitching: RHP Mike Rosen
|
|
Batting: RHB Tylor Cyr
|
0-0: Ball 1-0: Foul Ball, location: 2F 1-1: Called Strike 1-2: Foul Ball, location: 2F 1-2: Strikes out looking
|
Batting: RHB Bryan Wheeler
|
0-0: Ball 1-0: Ball 2-0: Foul Ball, location: 2F 2-1: Ball 3-1: Fly out, F3 (Popup, 3SF, EV 81.2 MPH)
|
Batting: RHB Justin Davenport
|
0-0: Ball 1-0: Ball 2-0: Fly out, F9 (Flyball, 89S, EV 85.6 MPH)
|
Top of the 8th over - 0 runs, 0 hits, 0 errors, 0 left on base; Hagerstown 5 - West Virginia 1 |
BOTTOM OF THE 8TH |
West Virginia Power batting - Pitching for Hagerstown Suns : RHP Tim Schultz
|
Batting: RHB Seung-mun Kim
|
0-0: Called Strike 0-1: Ball 1-1: Ball 2-1: Called Strike 2-2: Ball 3-2: Strikes out swinging
|
Batting: RHB John DeVillier
|
0-0: Ball 1-0: Called Strike 1-1: Swinging Strike 1-2: Strikes out swinging
|
Batting: RHB Terrence Wilson
|
0-0: Called Strike 0-1: Foul Ball, location: 2F 0-2: Ball 1-2: Ball 2-2: Ground out 6-3 (Groundball, 56, EV 107.5 MPH)
|
Bottom of the 8th over - 0 runs, 0 hits, 0 errors, 0 left on base; Hagerstown 5 - West Virginia 1 |
TOP OF THE 9TH |
Hagerstown Suns batting - Pitching for West Virginia Power : RHP Mike Rosen
|
Pitching: RHP Joel Olausson
|
|
Batting: RHB Lamar Thornton
|
0-0: SINGLE (Groundball, 34D, EV 95.6 MPH)
|
Batting: LHB Vince McLane
|
0-0: Bunted foul 0-1: Ball 1-1: Bunted foul 1-2: Foul Ball, location: 2F 1-2: Ball 2-2: Ball 3-2: SINGLE (Groundball, 56S, EV 71.9 MPH) (infield hit) Lamar Thornton to second
|
Batting: LHB Adam Lancaster
|
0-0: Ball 1-0: Foul Ball, location: 2F 1-1: Ball 2-1: Fielders Choice at 2nd, 4-6 (Groundball, 4, EV 81.9 MPH) Lamar Thornton to third
|
Batting: LHB Adam Jacobs
|
Pickoff Throw to First - Out! 1-3 0-0: Ball 1-0: Called Strike 1-1: Ball 2-1: Ground out 6-3 (Groundball, 6, EV 105.6 MPH)
|
Top of the 9th over - 0 runs, 2 hits, 0 errors, 1 left on base; Hagerstown 5 - West Virginia 1 |
BOTTOM OF THE 9TH |
West Virginia Power batting - Pitching for Hagerstown Suns : RHP Tim Schultz
|
Pitching: LHP Kevin Besser
|
|
Batting: SHB Curtis Thompson
|
0-0: Foul Ball, location: 2F 0-1: Fly out, F8 (Flyball, 8RD, EV 86.2 MPH)
|
Batting: LHB Josh Aerni
|
0-0: Called Strike 0-1: Fly out, F8 (Flyball, 89S, EV 90.6 MPH)
|
Batting: RHB Brandon White
|
0-0: Ball 1-0: Fly out, F3 (Popup, 3SF, EV 83.8 MPH)
|
Bottom of the 9th over - 0 runs, 0 hits, 0 errors, 0 left on base; Hagerstown 5 - West Virginia 1 |
|